 Dungeon Crawl Stone Soup version 0.27.0-1-g7a089689b8 (webtiles) character file.

Game seed: 3217850168690196146

4 Acheron the Bolt Thrower (level 1, -1/18 HPs)
             Began as a Hill Orc Hunter on Aug 1, 2021.
             Slain by a goblin (2 damage)
             ... on level 2 of the Dungeon.
             The game lasted 00:02:32 (164 turns).

Acheron the Bolt Thrower (Hill Orc Hunter)           Turns: 164, Time: 00:02:33

Health: -1/18      AC:  3    Str: 14    XL:     1   Next: 60%
Magic:  1/1        EV: 11    Int: 11    God:
Gold:   0          SH:  0    Dex: 11    Spells: 0/0 levels left

rFire    . . .     SeeInvis .   e - +0 hand axe
rCold    . . .     Faith    .   (no shield)
rNeg     . . .     Spirit   .   c - +0 leather armour
rPois    .         Reflect  .   (no helmet)
rElec    .         Harm     .   (no cloak)
rCorr    .         Rampage  .   (no gloves)
Will     .....                  (no boots)
Stlth    +.........             (no amulet)
HPRegen  0.06/turn              (no ring)
MPRegen  0.07/turn              (no ring)

@: no status effects
A: no striking features
a: no special abilities


You were on level 2 of the Dungeon.
You visited 1 branch of the dungeon, and saw 2 of its levels.

Inventory:

Hand Weapons
 a - a +1 hand crossbow
 e - a +0 hand axe (weapon)
Missiles
 d - 20 bolts
Armour
 c - a +0 leather armour (worn)
Scrolls
 b - 2 scrolls of amnesia {unknown}
 f - a scroll of silence {unknown}
 g - a scroll of blinking {unknown}


   Skills:
 * Level 2.4 Fighting
 * Level 0.2 Axes
 + Level 3.7 Crossbows
 * Level 1.6 Dodging
 * Level 0.8 Stealth


You couldn't memorise any spells.
You didn't know any spells.
Your spell library was empty.

Dungeon Overview and Level Annotations

Branches:
Dungeon (2/15)

Altars:


Message History

The hobgoblin hits you.
You barely miss the hobgoblin.
The hobgoblin is severely wounded.
The hobgoblin misses you. The hobgoblin closely misses you.
You barely miss the hobgoblin.
The hobgoblin is severely wounded.
The hobgoblin closely misses you.
You barely miss the hobgoblin.
The hobgoblin is severely wounded.
The hobgoblin hits you but does no damage.
You hit the hobgoblin.
You kill the hobgoblin!
There is a stone staircase leading up here.
You climb upwards.
The frilled lizard hisses angrily. 2 goblins come into view.
There is a stone staircase leading down here.
The goblin shouts!
A frilled lizard and 2 jackals come into view.
An endoplasm and a goblin come into view.
The jackal barks! x2; The frilled lizard hisses angrily.
A ball python comes into view.
The goblin shouts!
The endoplasm quivers.
The endoplasm jiggles.
The goblin hits you with a +0 dagger. The goblin closely misses you.
There is a stone staircase leading down here.
The goblin misses you. The goblin hits you but does no damage.
The frilled lizard barely misses you.
You climb downwards.
The worm closely misses you.
There is a stone staircase leading up here.
You closely miss the goblin. You hit the worm but do no damage.
You barely miss the frilled lizard. You hit the goblin but do no damage.
The goblin barely misses you. The goblin hits you but does no damage.
The frilled lizard bites you but does no damage.
The worm bites you!
Ouch! That really hurt!
* * * LOW HITPOINT WARNING * * *
You barely miss the goblin. You hit the goblin. You hit the worm.
You miss the frilled lizard. The goblin hits you with a +0 dagger.
You die...

#.# #.....##. #.#
#........ #:# #.....##.
#.# ######........
#######.#####.......#.##..
#.............#####.#.##..
........####### #.#.##..
#.#####.### #.#.##..
.#####.w@## #.#.##.#
.......lgg# #......#
#.........# #...####
#.###.....# #. # #..†.##
#...## #...# ....> .....#


You could see a worm, 2 goblins and a frilled lizard.

Vanquished Creatures
  2 hobgoblins
  A quokka (D:1)
3 creatures vanquished.

Notes
Turn   | Place    | Note
-------+----------+-------------------------------------------
     0 | D:1      | Acheron the Hill Orc Hunter began the quest for the Orb.
     0 | D:1      | Reached XP level 1. HP: 18/18 MP: 1/1
   164 | D:2      | Slain by a goblin

Illustrated notes

Levels and vault maps discovered:
D:1:      dpeg_arrival_radiant, layout_basic
D:2:      layout_loops_ring, uniq_jessica

Action                   || total
-------------------------++-------
Melee: Hand axe          ||    12
 Fire: Hand crossbow     ||     2
Armor: Leather armour    ||     4
Dodge: Dodged            ||    11
